 Dungeon Crawl Stone Soup version 0.29-a0-322-g68df515428 (webtiles) character file.

Game seed: 16727651926148295050

95985 jdsmith2816 the Black Belt (level 15, 156/156 HPs)
             Began as a Troll Monk on Oct 31, 2021.
             Was a Priest of Jiyva.
             Quit the game on level 1 of the Snake Pit on Apr 9, 2022.
             The game lasted 03:09:45 (31500 turns).

jdsmith2816 the Black Belt (Troll Monk)            Turns: 31500, Time: 03:09:46

Health: 156/156    AC: 15    Str: 16    XL:     15   Next: 31%
Magic:  14/14      EV: 20    Int:  9    God:    Jiyva [***...]
Gold:   88         SH: 16    Dex: 30    Spells: 14/14 levels left

rFire   . . .      SeeInvis .     - Unarmed
rCold   + . .      Faith    .   V - +0 kite shield
rNeg    + . .      Spirit   .   m - +0 acid dragon scales
rPois   +          Reflect  +   (helmet restricted)
rElec   .          Harm     .   G - +0 cloak of Love and Death {rN+ Stlth+}
rCorr   +          Rampage  .   (gloves unavailable)
Will    +....                   (boots unavailable)
Stlth   ++++......              s - amulet of reflection
HPRegen 2.28/turn               P - ring of poison resistance
MPRegen 0.49/turn               d - +6 ring of dexterity

@: studying Dodging
A: large, unfitting armour, claws 3, regeneration 1, shaggy fur 1, tough skin 1,
iridescent scales 3, agile 1, cold resistance 1, mutation resistance 2, eyeballs
1, translucent skin 1
}: 1/15 runes: slimy
a: Renounce Religion, Oozemancy


You were on level 1 of the Snake Pit.
You worshipped Jiyva.
Jiyva was most pleased with you.
You visited 6 branches of the dungeon, and saw 30 of its levels.
You also visited: Ossuary and Ice Cave.

You collected 1297 gold pieces.
You spent 1209 gold pieces at shops.


Innate Abilities, Weirdness & Mutations

You are too large for most types of armour.
You have claws for hands.
Your natural rate of healing is unusually fast.
You are covered in fur. (AC +1)
You have tough skin. (AC +1)
You are completely covered in iridescent scales. (AC +6)
You are agile. (Dex +2)
Your flesh is cold resistant. (rC+)
You are somewhat resistant to both further mutation and mutation removal.
Your body has grown eyes which may confuse attackers. (Acc +3)
Your translucent skin slightly reduces your foes' accuracy. (Stealth+)


   Skills:
 - Level 12.0 Fighting
 - Level 5.0 Maces & Flails
 - Level 13.2 Dodging
 - Level 1.0 Stealth
 * Level 2.4 Shields
 + Level 18.1 Unarmed Combat


You had 14 spell levels left.
You didn't know any spells.
Your spell library contained the following spells:

 Spells                   Type           Power      Damage    Failure   Level
 Magic Dart               Conj           0%         1d3       80%         1
 Pain                     Necr           0%         1d4       80%         1
 Sandblast                Erth           0%         2d4       80%         1
 Summon Small Mammal      Summ           0%         N/A       80%         1
 Call Imp                 Summ           0%         N/A       91%         2
 Corpse Rot               Necr/Air       0%         N/A       91%         2
 Ensorcelled Hibernation  Hex/Ice        0%         N/A       91%         2
 Passwall                 Tmut/Erth      0%         N/A       91%         2
 Poisonous Vapours        Pois/Air       0%         N/A       91%         2
 Static Discharge         Conj/Air       0%         N/A       91%         2
 Sublimation of Blood     Necr           0%         N/A       91%         2
 Wereblood                Tmut           0%         N/A       91%         2
 Call Canine Familiar     Summ           0%         N/A       99%         3
 Ignite Poison            Fire/Tmut/Pois 0%         N/A       99%         3
 Mephitic Cloud           Conj/Pois/Air  0%         N/A       99%         3
 Summon Guardian Golem    Hex/Summ       0%         N/A       99%         3
 Tukima's Dance           Hex            0%         N/A       99%         3
 Airstrike                Air            0%         N/A       100%        4
 Leda's Liquefaction      Hex/Erth       0%         N/A       100%        4
 Summon Lightning Spire   Summ/Air       0%         N/A       100%        4
 Agony                    Necr           0%         N/A       100%        5
 Excruciating Wounds      Necr           0%         N/A       100%        5
 Freezing Cloud           Conj/Ice/Air   0%         6-21      100%        5
 Lee's Rapid Deconstruct  Erth           0%         3d5*      100%        5
 Statue Form              Tmut/Erth      0%         N/A       100%        6
 Spellforged Servitor     Conj/Summ      0%         N/A       100%        7
 Storm Form               Tmut/Air       0%         N/A       100%        7
 Summon Hydra             Summ           0%         N/A       100%        7
 Lehudib's Crystal Spear  Conj/Erth      0%         10d2      100%        8
 Necromutation            Tmut/Necr      0%         N/A       100%        8
 Chain Lightning          Conj/Air       0%         N/A       100%        9

Inventory:

Hand Weapons
 a - a +4 whip of electrocution
 U - the +5 dagger of Goeppumn {drain, *Corrode +Blink rN+++ Stlth-}
   (You found it on level 6 of the Lair of Beasts)

   A truly terrible weapon, it drains the life of any living foe it strikes.
   rN:        It renders you almost immune to negative energy.
   +Blink:    It lets you blink.
   *Corrode:  It may corrode you when you take damage.
   Stlth:     It makes you less stealthy.
Missiles
 p - an atropa-tipped dart
 r - 57 poisoned darts
 u - 2 javelins
 H - 3 boomerangs of dispersal {=f}
 Q - 5 large rocks (quivered) {=f}
Armour
 m - +0 acid dragon scales (worn)
 G - the +0 cloak of Love and Death (worn) {rN+ Stlth+}
   (You acquired it on level 9 of the Dungeon)

   rN:        It protects you from negative energy.
   Stlth:     It makes you more stealthy.
 V - a +0 kite shield (worn)
Jewellery
 d - a +6 ring of dexterity (right claw)
 n - an amulet of faith {!P}
 s - an amulet of reflection (around neck)
 t - a +4 ring of protection
 v - an amulet of guardian spirit
 C - a ring of protection from cold
 D - a +6 ring of dexterity
 F - a ring of fire
 I - a +6 ring of intelligence
 M - a ring of magical power
 N - a ring of positive energy
 P - a ring of poison resistance (left claw)
 T - a +4 ring of protection
 W - a ring of willpower
Wands
 j - a wand of acid (10)
 k - a wand of paralysis (28)
 l - a wand of flame (35)
 y - a wand of polymorph (6)
 J - a wand of digging (3)
Scrolls
 c - a scroll of identify {@r1}
 f - 9 scrolls of teleportation {@r2}
 g - a scroll of blinking
 q - a scroll of enchant armour
 A - 3 scrolls of fog
 B - a scroll of brand weapon
 E - 3 scrolls of holy word
 K - a scroll of immolation
 O - a scroll of enchant weapon
Potions
 b - 4 potions of curing {@q1}
 e - a potion of ambrosia
 h - 4 potions of brilliance
 i - 4 potions of attraction
 o - 5 potions of mutation
 x - 6 potions of flight
 z - a potion of cancellation
 R - a potion of invisibility {unknown}
Miscellaneous
 w - a piece from Xom's chessboard (15/15)
 L - a box of beasts (inert)

Dungeon Overview and Level Annotations

Branches:
Dungeon (15/15)            Temple (1/1) D:6            Lair (6/6) D:10
 Shoals (0/4) Lair:3        Snake (1/4) Lair:4        Slime (5/5) Lair:6
    Orc (2/2) D:9             Elf (0/3) Orc:2        Vaults (0/5) D:13
 Depths (0/4) D:15        Ossuary (visited)           IceCv (visited)

Altars:
Ashenzari
Cheibriados
Dithmenos
Elyvilon
Fedhas
Gozag
Hepliaklqana
Kikubaaqudgha
Makhleb
Nemelex Xobeh
Okawaru
Qazlal
Ru
Sif Muna
Trog
Uskayaw
Vehumet
Wu Jian
Xom
Yredelemnul
Zin
The Shining One
Beogh
Jiyva

Shops:
D:6 *   D:15 *   Orc:2 ?[(*   Snake:1 !![:

Portals:
Trove: D:11 (give 12 potions of heal wounds)

Annotations:
D:3 exclusions: 2 doors and 1 more exclusion
D:7 1 runed translucent door, Crazy Yiuf
D:9 2 transporters, Maimakterion's ghost, journeyman OgBe
Slime:5 Royal Jelly

#################################
.##.....##.............##....##..
.#......##..J..........##....##..
........##.............##....##..
.#......##......@......##....##..
#.#.....##.......########....##..
...#..####J.....#########...##...
#.#...#######.####.....##...##...
.#......#####.###...........##J..
†.......##.............##...##...
.##..............###.####...#####
.##.....##......####.##......####
###.....##########..▒▒▒.▒▒▒......


You could see 2 neutral jellies (fellow slime).


Message History

No target in view!
Use which ability? (? or * to list)
Okay, then.
The black mamba hisses angrily.
You block the black mamba's attack.
You mangle the black mamba!!
The black mamba is almost dead.
You block the black mamba's attack. The black mamba bites you!
You mangle the black mamba!!
You kill the black mamba!
Jiyva says: Divide and consume!
You see here a black mamba corpse.
Unknown command.
HP restored.
You open the door.
There is an open door here.
There is an open door here.
Things that are here:
a +0 robe; a +0 halberd; a naga skeleton
There is an open door here.
You enter the shallow water.
Moving in this stuff is going to be slow.
You enter the shallow water.
Moving in this stuff is going to be slow.
There is an open door here.
Done exploring.
Done exploring.
No target in view!
Done exploring.
Are you sure you want to abandon this character and quit the game? (Confirm with "yes".)

Skill      XL: |  1  2  3  4  5  6  7  8  9 10 11 12 13 14 15 |
---------------+----------------------------------------------+-----
Unarmed Combat | 4 5 6 8 10 11 13 14 15 17 18 | 18.1
Dodging        | 3 4 5 6 7 8 9 10 11 12 13 | 13.2
Maces & Flails | 1 5 |  5.0
Fighting       | 3 6 7 9 10 11 12 | 12.0
Shields        | 2 |  2.4
Stealth        | |  1.0

Action                   |  1- 3 |  4- 6 |  7- 9 | 10-12 | 13-15 || total
-------------------------+-------+-------+-------+-------+-------++-------
Melee: Unarmed           |    90 |    84 |   298 |   636 |  1050 ||  2158
       Punch             |       |     2 |    15 |    44 |   122 ||   183
       Whip              |       |       |       |     7 |    29 ||    36
Throw: Javelin           |       |     2 |     9 |     1 |     2 ||    14
       Stone             |       |     1 |       |       |       ||     1
       Dart              |       |       |    13 |    65 |     8 ||    86
       Throwing net      |       |       |       |     1 |       ||     1
       Large rock        |       |       |       |       |    19 ||    19
       Boomerang         |       |       |       |       |     1 ||     1
Invok: No ability        |       |       |       |    20 |    37 ||    57
       Slimify           |       |       |       |       |    24 ||    24
       No ability        |       |       |       |       |     3 ||     3
       Oozemancy         |       |       |       |       |     1 ||     1
Evoke: Wand              |       |       |     9 |    18 |    19 ||    46
       Piece from Xom's  |       |       |       |     1 |       ||     1
       Box of beasts     |       |       |       |       |     3 ||     3
  Use: Scroll            |       |     4 |    11 |    20 |     2 ||    37
       Potion            |       |       |     1 |     3 |     9 ||    13
 Stab: Sleeping          |     3 |     2 |     5 |     3 |    13 ||    26
       Distracted        |       |       |     1 |     1 |     6 ||     8
       Paralysed         |       |       |       |     4 |       ||     4
       Confused          |       |       |       |       |     1 ||     1
Armor: Robe              |    32 |    11 |       |       |       ||    43
       Acid dragon scale |       |    16 |    89 |   180 |   237 ||   522
Dodge: Dodged            |    45 |    41 |   125 |   346 |   801 ||  1358
Block: Kite shield       |       |       |       |       |    26 ||    26

Levels and vault maps discovered:
D:1:      ncdulo_wetmaze, layout_basic
D:2:      layout_loops_corners, basic_altar, amethyst_killhole, corexii_shack
D:3:      layout_basic, amcnicky_altar_gilded, uniq_sigmund, uniq_ijyb
D:4:      layout_rooms, st_stairs_2
D:5:      layout_layer_cave, mainiacjoe_overflow_alcove_1,
          mainiacjoe_overflow_swirl, nicolae_ossuary_entry_plus
D:6:      layout_basic, mainiacjoe_overflow_surrounded_room,
          minmay_temple_entry_oklob, serial_shops, shop_statue
D:7:      cheibrodos_statue_roulette, layout_loops_corners, fountainhead,
          eino_jars, uniq_crazy_yiuf_cottage
D:8:      layout_basic, mainiacjoe_overflow_catwalk_spiral, uniq_harold
D:9:      layout_gridville, grunt_dithmenos_shadows, orc_david_3, serial_bayou,
          serial_bayou_pond_c, serial_bayou_pond_e, serial_bayou_shore_a,
          serial_bayou_lake_a, gammafunk_ghost_smash, minmay_misc_feat_cross
D:10:     layout_cave_pods, nicolae_sif_muna_little_library,
          mainiacjoe_overflow_alcove_4, erik_lair_orcish_takeover, special_room
          [special_room_orc], uniq_grum
D:11:     layout_basic, enter_trove_5
D:12:     layout_basic, minmay_unpleasant_kobolds
D:13:     layout_layer_cave, erik_vaults_1, serial_park_tiny_2, uniq_nessos,
          uniq_frances
D:14:     layout_loops_corners, bloody_trog
D:15:     grunt_enter_depths_giant_problem, layout_grid_maze,
          nicolae_gozag_zags_fifth_avenue, uniq_kirke
Temple:   nicolae_temple_hex_pool
Lair:1:   layout_cave_pods, special_room, grunt_megastairs_4,
          infiniplex_staircase_pool_2
Lair:2:   layout_hall_layers
Lair:3:   layout_misc_corridors, elwin_shoals_entry_rocks, lemuel_fruit_tree
Lair:4:   layout_regular_city, minmay_snake_entry_six_corridors,
          lemuel_fruit_fields
Lair:5:   layout_regular_city, eino_small_chamber_without_monster,
          serial_bayou_lagoon_b
Lair:6:   minmay_lair_end_enchanted_forest, layout_regular_city, slime_altar_2
Snake:1:  layout_grid_maze, portal_ice_cave_entry_pillars_2,
          nicolae_shop_self_help, serial_bayou_shore_b, minmay_shop_star,
          grunt_megastairs_2, serial_bayou_shore_b
Slime:1:  nicolae_slime_pool, layout_caves, cheibrodos_slime_lost_civilization_5
Slime:2:  layout_caves
Slime:3:  layout_caves, basic_altar
Slime:4:  layout_caves
Slime:5
Orc:1:    layout_caves, serial_shops, shop, enter_volcano_2
Orc:2:    st_orc_town, layout_caves, lightli_church_of_beogh, uniq_erolcha

Notes
Turn   | Place    | Note
-------+----------+-------------------------------------------
     0 | D:1      | jdsmith2816 the Troll Monk began the quest for the Orb.
     0 | D:1      | Reached XP level 1. HP: 22/22 MP: 0/0
    88 | D:1      | Reached XP level 2. HP: 29/29 MP: 1/1
   764 | D:2      | Reached XP level 3. HP: 36/36 MP: 2/2
   880 | D:2      | Reached skill level 4 in Unarmed Combat
  1071 | D:2      | Reached skill level 3 in Dodging
  1141 | D:2      | Found a radiant altar of Vehumet.
  1910 | D:3      | Noticed Sigmund
  2005 | D:3      | Reached XP level 4. HP: 42/44 MP: 3/3
  2048 | D:3      | Found a radiant altar of Vehumet.
  2390 | D:3      | Reached skill level 5 in Unarmed Combat
  2395 | D:3      | Reached XP level 5. HP: 47/50 MP: 4/4
  2575 | D:3      | Noticed Ijyb
  2582 | D:3      | Killed Ijyb
  2837 | D:4      | Reached XP level 6. HP: 56/59 MP: 5/5
  2841 | D:4      | Reached skill level 6 in Unarmed Combat
  2886 | D:4      | Reached skill level 4 in Dodging
  2986 | D:4      | Reached XP level 7. HP: 65/66 MP: 6/6
  3377 | D:5      | Entered Level 5 of the Dungeon
  3428 | D:4      | Reached skill level 7 in Unarmed Combat
  3455 | D:5      | Found a sand-covered staircase.
  3463 | Ossuary  | Entered an ossuary
  3599 | Ossuary  | Reached skill level 8 in Unarmed Combat
  3602 | Ossuary  | Reached skill level 5 in Dodging
  3647 | Ossuary  | Reached XP level 8. HP: 74/74 MP: 7/7
  3733 | Ossuary  | Reached skill level 9 in Unarmed Combat
  4338 | D:5      | Reached skill level 6 in Dodging
  4625 | D:5      | Reached skill level 10 in Unarmed Combat
  4692 | D:5      | Reached skill level 1 in Maces & Flails
  4692 | D:5      | Reached XP level 9. HP: 80/80 MP: 8/8
  4863 | D:5      | Reached skill level 2 in Maces & Flails
  5105 | D:5      | Found a stormy altar of Qazlal.
  5114 | D:5      | Found a hide-covered altar of Uskayaw.
  5375 | D:5      | Found a glowing silver altar of Zin.
  5381 | D:5      | Reached skill level 3 in Maces & Flails
  5634 | D:6      | Reached skill level 4 in Maces & Flails
  5644 | D:6      | Found a staircase to the Ecumenical Temple.
  5670 | Temple   | Entered the Ecumenical Temple
  5801 | D:6      | Found Votac's Assorted Antiques.
  5927 | D:6      | Found an ancient bone altar of Kikubaaqudgha.
  6262 | D:7      | Reached skill level 5 in Maces & Flails
  6262 | D:7      | Reached skill level 7 in Dodging
  6769 | D:7      | Noticed a gargoyle
  6772 | D:7      | Killed a gargoyle
  6773 | D:7      | Reached skill level 3 in Fighting
  6776 | D:7      | Noticed a gargoyle
  6786 | D:7      | Killed a gargoyle
  6787 | D:7      | Reached XP level 10. HP: 73/91 MP: 5/9
  6823 | D:7      | Noticed a gargoyle
  6829 | D:7      | Killed a gargoyle
  6850 | D:7      | Noticed a gargoyle
  6860 | D:7      | Killed a gargoyle
  6861 | D:7      | Reached skill level 8 in Dodging
  6911 | D:7      | Reached skill level 4 in Fighting
  7368 | D:7      | Found a runed translucent door.
  7369 | D:7      | Noticed Crazy Yiuf
  7607 | D:8      | Noticed Harold
  7659 | D:8      | Killed Harold
  7660 | D:8      | Reached skill level 5 in Fighting
  7701 | D:8      | Found a glowing golden altar of the Shining One.
  7703 | D:8      | Found a bloodstained altar of Trog.
  7804 | D:8      | Reached skill level 6 in Fighting
  7804 | D:8      | Reached skill level 11 in Unarmed Combat
  8316 | D:9      | Identified a scroll of acquirement
  8316 | D:9      | Acquired the +0 cloak of Love and Death {rN+ Stlth+}
  8695 | D:9      | Found a staircase to the Orcish Mines.
  8699 | D:9      | Found a transporter.
  8701 | D:9      | Noticed a two-headed ogre
  8701 | D:9      | Noticed Maimakterion's ghost (journeyman OgBe)
  8702 | D:9      | Noticed a two-headed ogre
  8702 | D:9      | Noticed a two-headed ogre
  8707 | D:9      | Noticed a two-headed ogre
  8707 | D:9      | Identified the +2 great mace of Histrionic Courage {spect,
                  | +Blink rF+++ Str-2 Dex+3}
  8707 | D:9      | Noticed a two-headed ogre
  8809 | D:9      | Noticed a two-headed ogre
  8828 | D:9      | Killed a two-headed ogre
  8829 | D:9      | Reached XP level 11. HP: 105/105 MP: 10/10
  9203 | D:9      | Found a shadowy altar of Dithmenos.
  9360 | Orc:1    | Entered Level 1 of the Orcish Mines
  9360 | Orc:1    | Noticed an orc knight
  9381 | D:10     | Entered Level 10 of the Dungeon
  9617 | D:10     | Found a sacrificial altar of Ru.
  9634 | D:10     | Reached skill level 9 in Dodging
  9672 | D:10     | Found a staircase to the Lair.
  9721 | D:10     | Noticed Grum
 10014 | D:10     | Reached skill level 12 in Unarmed Combat
 10205 | D:10     | Found a shimmering blue altar of Sif Muna.
 10302 | D:10     | Killed Grum
 10495 | Lair:1   | Entered Level 1 of the Lair of Beasts
 10582 | Lair:1   | Reached skill level 7 in Fighting
 11112 | Lair:1   | Noticed a six-headed hydra
 11128 | Lair:1   | Killed a six-headed hydra
 11129 | Lair:1   | Reached skill level 13 in Unarmed Combat
 11460 | Lair:1   | Reached XP level 12. HP: 92/118 MP: 7/11
 12109 | Lair:2   | Identified a potion of resistance
 12479 | Lair:2   | Reached skill level 8 in Fighting
 12479 | Lair:2   | Reached skill level 10 in Dodging
 13071 | Lair:3   | Noticed a death yak
 13105 | Lair:3   | Killed a death yak
 13155 | Lair:3   | Noticed a death yak
 13181 | Lair:3   | Noticed a death yak
 13201 | Lair:3   | Noticed a death yak
 13216 | Lair:3   | Killed a death yak
 13217 | Lair:3   | Reached skill level 9 in Fighting
 13233 | Lair:2   | Killed a death yak
 13267 | Lair:2   | Killed a death yak
 13268 | Lair:2   | Reached skill level 14 in Unarmed Combat
 13395 | Lair:3   | Found a staircase to the Shoals.
 13459 | Lair:6   | Entered Level 6 of the Lair of Beasts
 13595 | Lair:6   | Found a runed translucent door.
 13595 | Lair:6   | Found a viscous altar of Jiyva.
 13596 | Lair:6   | Noticed an azure jelly
 13597 | Lair:6   | Found a staircase to the Slime Pits.
 13608 | Lair:6   | Became a worshipper of Jiyva Jepreumo the Shapeless
 13608 | Lair:6   | Reached * piety under Jiyva
 13608 | Lair:6   | Reached ** piety under Jiyva
 14424 | D:3      | Killed Sigmund
 14852 | D:4      | Reached *** piety under Jiyva
 14854 | D:4      | Gained mutation: You have large cloven feet. [Jiyva's
                  | grace]
 15134 | D:6      | Gained mutation: You are covered in slimy tendrils that may
                  | disarm your opponents. [Jiyva's grace]
 15140 | D:6      | Reached **** piety under Jiyva
 15213 | D:6      | Gained mutation: Your spells are a little harder to cast,
                  | but a little more powerful. [Jiyva's grace]
 15544 | D:7      | Reached ***** piety under Jiyva
 15945 | D:8      | Lost mutation: You have large cloven feet. [Jiyva's grace]
 15988 | D:9      | Found a transporter.
 16179 | D:9      | Lost mutation: Your spells are a little harder to cast, but
                  | a little more powerful. [Jiyva's grace]
 16466 | D:10     | Gained mutation: Your spells are a little harder to cast,
                  | but a little more powerful. [Jiyva's grace]
 16467 | D:10     | Reached ****** piety under Jiyva
 16610 | Slime:1  | Entered Level 1 of the Pits of Slime
 16630 | Slime:2  | Noticed a great orb of eyes
 16633 | Slime:2  | Noticed a quicksilver ooze
 16638 | Slime:2  | Noticed an acid blob
 16651 | Slime:2  | Noticed an acid blob
 16653 | Slime:2  | Noticed a quicksilver ooze
 16736 | Slime:2  | Noticed a quicksilver ooze
 16785 | Slime:2  | Noticed an acid blob
 16946 | Slime:1  | Noticed an acid blob
 16948 | Slime:1  | Noticed an azure jelly
 16968 | Slime:1  | Noticed an acid blob
 17023 | Slime:1  | Noticed a quicksilver ooze
 17076 | Slime:1  | Noticed a quicksilver ooze
 17147 | Slime:1  | Noticed a quicksilver ooze
 17152 | Slime:1  | Noticed a quicksilver ooze
 17297 | Slime:3  | Noticed an acid blob
 17297 | Slime:3  | Noticed a rockslime
 17297 | Slime:3  | Noticed an acid blob
 17303 | Slime:3  | Found a viscous altar of Jiyva.
 17340 | Slime:3  | Noticed an acid blob
 17357 | Slime:3  | Noticed an acid blob
 17445 | Slime:3  | Noticed an acid blob
 17450 | Slime:3  | Noticed a quicksilver ooze
 17504 | Slime:3  | Noticed an azure jelly
 17548 | Slime:3  | Noticed a rockslime
 17617 | Slime:4  | Noticed an azure jelly
 17630 | Slime:4  | Noticed an acid blob
 17637 | Slime:4  | Noticed an acid blob
 17670 | Slime:4  | Noticed a quicksilver ooze
 17680 | Slime:4  | Noticed an acid blob
 17721 | Slime:4  | Noticed a rockslime
 17737 | Slime:4  | Noticed a great orb of eyes
 17772 | Slime:5  | Entered Level 5 of the Pits of Slime
 17775 | Slime:5  | Lost mutation: Your spells are a little harder to cast, but
                  | a little more powerful. [Jiyva's grace]
 17776 | Slime:5  | Noticed an acid blob
 17778 | Slime:5  | Gained mutation: Your translucent skin slightly reduces
                  | your foes' accuracy. (Stealth+) [Jiyva's grace]
 17780 | Slime:5  | Gained mutation: You are somewhat resistant to further
                  | mutation. [Jiyva's grace]
 17781 | Slime:5  | Lost mutation: You are somewhat resistant to further
                  | mutation. [Jiyva's grace]
 17785 | Slime:5  | Gained mutation: You expend magic power (3 MP) to
                  | strengthen your wands. [Jiyva's grace]
 17787 | Slime:5  | Found a viscous altar of Jiyva.
 17788 | Slime:5  | Noticed an acid blob
 17789 | Slime:5  | Noticed a quicksilver ooze
 17790 | Slime:5  | Noticed the Royal Jelly
 17790 | Slime:5  | Noticed an azure jelly
 17791 | Slime:5  | Noticed an acid blob
 17791 | Slime:5  | Noticed an acid blob
 17791 | Slime:5  | Noticed an acid blob
 17792 | Slime:5  | Got the Catalogue of Earthen Darkness
 17792 | Slime:5  | Noticed a quicksilver ooze
 17792 | Slime:5  | Noticed an acid blob
 17794 | Slime:5  | Noticed an acid blob
 17815 | Slime:5  | Got The Intricacies of Thaumaturgy
 17817 | Slime:5  | Got a slimy rune of Zot
 17828 | Slime:5  | Got Sif Muna's Reference Book on Damaging Weightlessness
 17837 | Slime:5  | Noticed a great orb of eyes
 17851 | Slime:5  | Noticed a great orb of eyes
 17852 | Slime:5  | Noticed an acid blob
 17868 | Slime:5  | Noticed an acid blob
 18078 | Slime:5  | Identified the +0 pair of gloves of Focus {Slay+3}
 18080 | Slime:5  | Identified the +1 chain mail of Untruth {rPois Str+8 Dex-4}
 18089 | Slime:5  | Identified the +9 great sword of the Pure Wars {chaos, rC++
                  | rCorr Dex-2}
 18105 | Slime:5  | Noticed a rockslime
 18424 | Lair:3   | Lost mutation: You expend magic power (3 MP) to strengthen
                  | your wands. [Jiyva's grace]
 19064 | Lair:4   | Reached XP level 13. HP: 132/132 MP: 12/12
 19122 | Lair:4   | Got the Compendium of the Birds
 19242 | Lair:4   | Reached skill level 10 in Fighting
 19664 | Lair:4   | Found a staircase to the Snake Pit.
 19892 | Lair:4   | Reached skill level 11 in Dodging
 19961 | Snake:1  | Entered Level 1 of the Snake Pit
 19989 | Snake:1  | Gained mutation: You are partially covered in iridescent
                  | scales. (AC +2) [Jiyva's grace]
 19996 | Snake:1  | Noticed an acid blob
 19996 | Snake:1  | a naga sharpshooter changed into an acid blob
 20038 | Snake:1  | Found Lef Voar's Distillery.
 20042 | Snake:1  | Found Giguj's Distillery.
 20043 | Snake:1  | Found Yzeo's Antique Armour Shoppe.
 20046 | Snake:1  | Bought a potion of berserk rage for 70 gold pieces
 20165 | Snake:1  | Lost mutation: You are partially covered in iridescent
                  | scales. (AC +2) [Jiyva's grace]
 20216 | Snake:1  | Gained mutation: You expend magic power (3 MP) to
                  | strengthen your wands. [Jiyva's grace]
 20237 | Snake:1  | Found a frozen archway.
 20248 | IceCv    | Entered an ice cave
 20267 | IceCv    | HP: 9/133 [ettin simulacrum (17)]
 20680 | Snake:1  | Found Epsiblim's Self-Improvement Boutique.
 20685 | Snake:1  | Reached skill level 15 in Unarmed Combat
 21060 | Lair:5   | Gained mutation: Your translucent skin reduces your foes'
                  | accuracy. (Stealth+) [Jiyva's grace]
 21164 | Lair:5   | Noticed an acid blob
 21164 | Lair:5   | a six-headed hydra changed into an acid blob
 21380 | Lair:5   | Noticed an azure jelly
 21380 | Lair:5   | a seven-headed hydra changed into an azure jelly
 22238 | Lair:6   | Noticed an acid blob
 22238 | Lair:6   | a four-headed hydra changed into an acid blob
 22347 | Lair:6   | Gained mutation: Your melee attacks may engulf your foes in
                  | ooze. [Jiyva's grace]
 22436 | Lair:6   | Reached XP level 14. HP: 144/144 MP: 4/13
 22445 | Lair:6   | Reached skill level 16 in Unarmed Combat
 22594 | Lair:6   | Reached skill level 11 in Fighting
 22875 | Lair:6   | Identified the +5 dagger of Goeppumn {drain, *Corrode
                  | +Blink rN+++ Stlth-}
 23360 | Lair:6   | Gained mutation: You passively dampen the noise of your
                  | surroundings. [Jiyva's grace]
 23586 | Orc:1    | Lost mutation: You expend magic power (3 MP) to strengthen
                  | your wands. [Jiyva's grace]
 23626 | Orc:1    | Lost mutation: You passively dampen the noise of your
                  | surroundings. [Jiyva's grace]
 23723 | Orc:1    | Found Eni Jue's General Store.
 23950 | Orc:2    | Entered Level 2 of the Orcish Mines
 23978 | Orc:2    | Gained mutation: You have a pair of small antennae on your
                  | head. [Jiyva's grace]
 24103 | Orc:2    | Noticed Erolcha
 24119 | Orc:2    | Slimified Erolcha
 24119 | Orc:2    | Noticed Erolcha
 24119 | Orc:2    | Erolcha changed into Erolcha the endoplasm
 24120 | Orc:2    | Gained mutation: You possess an exceptional clarity of
                  | mind. [Jiyva's grace]
 24120 | Orc:2    | Killed Erolcha the endoplasm
 24235 | Orc:2    | Lost mutation: You possess an exceptional clarity of mind.
                  | [Jiyva's grace]
 24386 | Orc:2    | Gained mutation: You passively map a small area around you.
                  | [Jiyva's grace]
 24389 | Orc:2    | Gained mutation: You sometimes lose the ability to read
                  | scrolls when taking damage. [Jiyva's grace]
 24452 | Orc:2    | Gained mutation: Your muscles are strong. (Str +2) [Jiyva's
                  | grace]
 24464 | Orc:2    | Reached skill level 12 in Dodging
 24551 | Orc:2    | Gained mutation: You are somewhat resistant to further
                  | mutation. [Jiyva's grace]
 24556 | Orc:2    | Found Puirhoc's Magic Scroll Shop.
 24556 | Orc:2    | Found Agianuam's Antique Armour Shoppe.
 24673 | Orc:2    | Found a staircase to the Elven Halls.
 24748 | Orc:2    | Found Vit Pyano's General Store.
 24748 | Orc:2    | Found Ikafo's Weapon Shop.
 24784 | Orc:2    | Found a runed translucent door.
 24821 | Orc:2    | Gained mutation: You are somewhat resistant to both further
                  | mutation and mutation removal. [Jiyva's grace]
 25002 | Orc:2    | Gained mutation: You tend to lose your temper in combat.
                  | [Jiyva's grace]
 25010 | Orc:2    | Noticed an acid blob
 25010 | Orc:2    | an orc high priest changed into an acid blob
 25038 | Orc:2    | Lost mutation: Your muscles are strong. (Str +2) [Jiyva's
                  | grace]
 25153 | Orc:2    | Lost mutation: You sometimes lose the ability to read
                  | scrolls when taking damage. [Jiyva's power]
 25154 | Orc:2    | Lost mutation: You tend to lose your temper in combat.
                  | [Jiyva's power]
 25450 | D:10     | Lost mutation: You passively map a small area around you.
                  | [Jiyva's grace]
 25585 | Snake:1  | Bought a manual of Dodging for 1040 gold pieces
 25892 | D:11     | Found a portal to a secret trove of treasure.
 26032 | D:11     | Reached skill level 17 in Unarmed Combat
 26061 | D:11     | Identified the +6 dagger of Articulation {pain, rElec}
 26184 | D:12     | Gained mutation: Your body has grown eyes which may confuse
                  | attackers. (Acc +3) [Jiyva's grace]
 27210 | D:13     | Found a gate to the Vaults.
 27722 | D:13     | Noticed Nessos
 27733 | D:13     | Killed Nessos
 27827 | D:13     | Lost mutation: You are somewhat resistant to both further
                  | mutation and mutation removal. [Jiyva's grace]
 27909 | D:13     | Noticed Frances
 27943 | D:13     | Slimified Frances
 27943 | D:13     | Noticed Frances
 27943 | D:13     | Frances changed into Frances the acid blob
 28565 | D:13     | Upgraded the game from 0.28-a0-751-gef3a642a4e to
                  | 0.29-a0-284-gf9362112df
 28599 | D:13     | Upgraded the game from 0.29-a0-284-gf9362112df to
                  | 0.29-a0-322-g68df515428
 28648 | D:14     | Found a bloodstained altar of Trog.
 28732 | D:14     | Lost mutation: You are somewhat resistant to further
                  | mutation. [Jiyva's grace]
 28732 | D:14     | Lost mutation: Your translucent skin reduces your foes'
                  | accuracy. (Stealth+) [Jiyva's grace]
 28732 | D:14     | Lost mutation: You are covered in slimy tendrils that may
                  | disarm your opponents. [Jiyva's grace]
 28732 | D:14     | Gained mutation: You are somewhat resistant to further
                  | mutation. [Jiyva's grace]
 28732 | D:14     | Gained mutation: You are somewhat resistant to both further
                  | mutation and mutation removal. [Jiyva's grace]
 28732 | D:14     | Gained mutation: You are almost entirely resistant to
                  | further mutation and mutation removal. [Jiyva's grace]
 28732 | D:14     | Gained mutation: Your flesh is cold resistant. (rC+)
                  | [Jiyva's grace]
 29378 | D:15     | Entered Level 15 of the Dungeon
 29444 | D:15     | Found a staircase to the Depths.
 29444 | D:15     | Noticed a fire giant
 29494 | D:15     | Reached XP level 15. HP: 119/156 MP: 14/14
 29497 | D:15     | Reached skill level 13 in Dodging
 29620 | D:15     | Reached skill level 12 in Fighting
 29656 | D:15     | Found an opulent altar of Gozag.
 29660 | D:15     | Found Gozag's Platinum Reserve.
 29687 | D:15     | Lost mutation: You have a pair of small antennae on your
                  | head. [Jiyva's grace]
 29687 | D:15     | Lost mutation: You are almost entirely resistant to further
                  | mutation and mutation removal. [Jiyva's grace]
 29687 | D:15     | Lost mutation: Your melee attacks may engulf your foes in
                  | ooze. [Jiyva's grace]
 29687 | D:15     | Gained mutation: You are partially covered in iridescent
                  | scales. (AC +2) [Jiyva's grace]
 29687 | D:15     | Gained mutation: You are mostly covered in iridescent
                  | scales. (AC +4) [Jiyva's grace]
 29687 | D:15     | Gained mutation: You are completely covered in iridescent
                  | scales. (AC +6) [Jiyva's grace]
 29687 | D:15     | Gained mutation: You are agile. (Dex +2) [Jiyva's grace]
 29697 | D:15     | Noticed Kirke
 29722 | D:15     | Noticed an azure jelly
 29722 | D:15     | an eight-headed hydra changed into an azure jelly
 29730 | D:15     | Slimified Kirke
 29730 | D:15     | Noticed Kirke
 29730 | D:15     | Kirke changed into Kirke the azure jelly
 30001 | D:15     | Reached skill level 18 in Unarmed Combat
 30279 | D:15     | Slimified a fire giant
 30279 | D:15     | Noticed an acid blob
 30279 | D:15     | a fire giant changed into an acid blob
 30757 | Snake:1  | Bought a kite shield for 99 gold pieces
 30923 | Snake:1  | Reached skill level 1 in Shields
 30925 | Snake:1  | HP: 14/156 [poisoned by a sea snake]
 31146 | Snake:1  | Reached skill level 2 in Shields
 31500 | Snake:1  | Quit the game

Vanquished Creatures
  Nessos (D:13)
  2 boulder beetles
  2 hydras
  A rakshasa (D:13)
  Harold (D:8)
  A vault guard (D:11)
  A catoblepas (D:15)
  6 two-headed ogres
  2 centaur warriors
  2 dancing weapons (D:13)
  5 death yaks
  3 skeletal warriors (D:13)
  2 sea snakes (Snake:1)
  A naga ritualist (Snake:1)
  8 orc knights (Orc:2)
  5 mana vipers (Snake:1)
  A deep elf pyromancer (D:12)
  13 ugly things
  A lindwurm (Lair:5)
  4 orc sorcerers
  5 cyclopes
  A manticore (D:13)
  9 elephants
  16 black mambas
  A naga mage (Snake:1)
  6 gargoyles
  9 komodo dragons
  A kobold demonologist (D:12)
  17 cane toads
  An unseen horror (D:13)
  2 rime drakes
  4 trolls
  4 hornets
  3 polar bears
  11 dream sheep
  28 blink frogs
  A spriggan (shapeshifter) (D:15)
  A shadow (D:9)
  Sigmund (D:3)
  3 wraiths
  A wyvern (D:9)
  13 spriggans (Lair:6)
  A basilisk (Lair:5)
  3 hogs (D:15)
  23 yaks
  Grum (D:10)
  A redback (shapeshifter) (D:14)
  6 wargs
  An acid dragon (D:10)
  5 nagas (Snake:1)
  18 water moccasins
  3 black bears
  41 orc warriors
  A hornet zombie (D:8)
  3 ice beasts
  2 sky beasts
  2 necrophages
  9 ogres
  25 wolves
  3 boggarts (Lair:6)
  7 centaurs
  2 kobold brigands (D:12)
  4 scorpions
  17 bullfrogs
  A gnoll sergeant (D:8)
  4 wyvern zombies
  2 water moccasin zombies (Ossuary)
  An oklob sapling (D:6)
  2 water moccasin skeletons
  13 killer bees
  3 wights (D:10)
  7 electric eels
  7 howler monkeys
  6 centaur zombies (Ossuary)
  5 bullfrog zombies (Ossuary)
  2 jellies (D:5)
  3 bullfrog skeletons
  14 orc priests
  4 iguanas
  13 orc wizards
  A scorpion zombie (D:3)
  Ijyb (D:3)
  2 killer bee zombies
  11 mummies (Ossuary)
  3 howler monkey zombies (Ossuary)
  4 adders
  6 gnolls
  3 shadow imps
  2 white imps
  An ufetubus (D:4)
  2 worms
  A dart slug (D:3)
  98 orcs
  4 endoplasms
  3 giant cockroaches
  3 hobgoblins
  3 jackals (D:2)
  6 quokkas
  9 ball pythons
  6 bats
  2 frilled lizards
  8 goblins
  5 kobolds
  6 rats
655 creatures vanquished.

Vanquished Creatures (collateral kills)
  A wolf (Lair:6)
1 creature vanquished.

Vanquished Creatures (others)
  An ogre mage (D:15)
  A shock serpent (Snake:1)
  A skeletal warrior (D:13)
  A black mamba (Snake:1)
  A komodo dragon (Lair:5)
  2 polar bears (Lair:6)
  A blink frog (Lair:3)
  3 dream sheep
  8 slime creatures
  A yak (Lair:5)
  A warg (Orc:1)
  6 water moccasins
  A naga (Snake:1)
  A black bear (Lair:6)
  7 wolves
  A boggart (Lair:6)
  3 kobold brigands (D:12)
  A bullfrog (Lair:3)
  4 killer bees (D:11)
  An electric eel (Lair:5)
  110 jellies
  2 orc wizards (Orc:2)
  A worm (shapeshifter) (D:14)
  15 orcs
  An endoplasm (Orc:2)
  3 kobolds (D:12)
  108 fungi
  251 plants
  2 withered plants (Ossuary)
539 creatures vanquished.

Grand Total: 1195 creatures vanquished

Table legend: (Time is in decaauts)
 A = Elapsed time spent in this place.
 B = Non-inter-level travel time spent in this place.
 C = Inter-level travel time spent in this place.
 D = Time resting spent in this place.
 E = Time spent auto-exploring this place.
 F = Levels seen in this place.
 G = Mean time per level.
                   A        B        C        D        E       F      G
               +--------+--------+--------+--------+--------+-----+--------+
         Total |  31144 |  27641 |   3503 |   3428 |  16578 |  32 |  973.2 |
       Dungeon |  17541 |  15291 |   2250 |   1759 |   9607 |  15 | 1169.4 |
        Temple |     77 |     72 |      5 |      0 |     61 |   1 |   77.0 |
          Lair |   7869 |   6977 |    892 |    768 |   4099 |   6 | 1311.5 |
     Snake Pit |   1882 |   1719 |    163 |    518 |    752 |   1 | 1882.0 |
    Slime Pits |   1554 |   1434 |    120 |      0 |   1305 |   5 |  310.8 |
  Orcish Mines |   1606 |   1534 |     72 |    202 |    683 |   2 |  803.0 |
       Ossuary |    596 |    596 |      0 |    180 |     70 |   1 |  596.0 |
      Ice Cave |     15 |     15 |      0 |      0 |      0 |   1 |   15.0 |
               +--------+--------+--------+--------+--------+-----+--------+

Top non-repeatable levels by time:
 Snake:1: 1882 daAuts
     D:7: 1798 daAuts
     D:3: 1668 daAuts
  Lair:6: 1664 daAuts
    D:13: 1635 daAuts
    D:10: 1577 daAuts
     D:5: 1561 daAuts
     D:9: 1436 daAuts
  Lair:2: 1398 daAuts
  Lair:1: 1373 daAuts
  Lair:4: 1241 daAuts
   Orc:2: 1187 daAuts
     D:8: 1155 daAuts
     D:2: 1113 daAuts
  Lair:3: 1097 daAuts

Table legend:
 A = Non-vault XP
 B = Vault XP
 C = Vault XP percentage of total XP
 D = Non-vault monster count
 E = Vault monster count
 F = Vault count percentage of total count
                 A         B        C        D         E       F
            +---------+---------+-------+---------+---------+-------
      Total |   84914 |   33636 |  28.4 |     438 |     227 |  34.1
            +---------+---------+-------+---------+---------+-------
        D:1 |      36 |       0 |   0.0 |      17 |       0 |   0.0
        D:2 |      46 |       2 |   4.2 |      18 |       1 |   5.3
        D:3 |     299 |     253 |  45.8 |      21 |       2 |   8.7
        D:4 |     483 |       4 |   0.8 |      24 |       2 |   7.7
        D:5 |    1205 |       0 |   0.0 |      24 |       0 |   0.0
        D:6 |     712 |      64 |   8.2 |      14 |       1 |   6.7
        D:7 |    1048 |    2157 |  67.3 |      11 |      13 |  54.2
        D:8 |    2021 |     868 |  30.0 |      19 |       1 |   5.0
        D:9 |    1685 |     646 |  27.7 |      16 |       8 |  33.3
       D:10 |    2011 |    1393 |  40.9 |      16 |      33 |  67.3
       D:11 |    1909 |     820 |  30.0 |       4 |       1 |  20.0
       D:12 |    4286 |       0 |   0.0 |      12 |       0 |   0.0
       D:13 |    7075 |    2668 |  27.4 |      13 |       3 |  18.8
       D:14 |    1031 |       0 |   0.0 |       2 |       0 |   0.0
       D:15 |   10786 |     588 |   5.2 |      23 |       3 |  11.5
     Lair:1 |    5832 |     755 |  11.5 |      19 |       2 |   9.5
     Lair:2 |    6710 |       0 |   0.0 |      22 |       0 |   0.0
     Lair:3 |    6913 |       0 |   0.0 |      24 |       0 |   0.0
     Lair:4 |    5584 |    3295 |  37.1 |      25 |      13 |  34.2
     Lair:5 |    9559 |       0 |   0.0 |      32 |       0 |   0.0
     Lair:6 |    1698 |    8468 |  83.3 |       5 |      45 |  90.0
    Snake:1 |    9952 |     596 |   5.7 |      24 |       2 |   7.7
      Orc:1 |    1587 |       0 |   0.0 |      23 |       0 |   0.0
      Orc:2 |    2446 |    9699 |  79.9 |      30 |      65 |  68.4
    Ossuary |       0 |    1274 | 100.0 |       0 |      31 | 100.0
      IceCv |       0 |      86 | 100.0 |       0 |       1 | 100.0
            +---------+---------+-------+---------+---------+-------
